 Dungeon Crawl Stone Soup version 0.21.1-1-g345015f (webtiles) character file.

21 letownia2 the Magician (level 2, 0/15 HPs)
             Began as a Gargoyle Wizard on Mar 21, 2018.
             Slain by an adder (2 damage)
             ... on level 2 of the Dungeon.
             The game lasted 00:03:15 (412 turns).

letownia2 the Magician (Gargoyle Wizard)             Turns: 412, Time: 00:03:16

Health: 0/15       AC:  4    Str: 10    XL:     2   Next: 83%
Magic:  0/6        EV: 12    Int: 18    God:
Gold:   27         SH:  0    Dex:  8    Spells: 4/7 levels left

rFire    . . .     SeeInvis .   (no weapon)
rCold    . . .     Gourm    .   (no shield)
rNeg     + . .     Faith    .   a - +0 robe
rPois    ∞         Spirit   .   b - +0 hat
rElec    +         Reflect  .   (no cloak)
rCorr    .         Harm     .   (no gloves)
MR       .....                  (no boots)
Stlth    ++........             (no amulet)
HPRegen  0.05/turn              (no ring)
MPRegen  0.10/turn              (no ring)

@: very slightly contaminated, hasted, very quick
A: negative energy resistance 1, electricity resistance, unbreathing,
petrification resistance, rot immunity, AC +2
a: no special abilities


You were on level 2 of the Dungeon.
You were not hungry.

You visited 1 branch of the dungeon, and saw 3 of its levels.

You collected 27 gold pieces.

Inventory:

Missiles
 f - 53 stones (quivered)
Armour
 a - a +0 robe (worn)
 b - a +0 hat (worn)
 e - a +0 ring mail
Books
 c - a book of Minor Magic

   Spells                             Type                      Level
   a - Magic Dart                     Conjuration                  1
   b - Blink                          Translocation                2
   c - Call Imp                       Summoning                    2
   d - Slow                           Hexes                        2
   e - Conjure Flame                  Conjuration/Fire             3
   f - Mephitic Cloud                 Conjuration/Poison/Air       3
Comestibles
 d - 2 rations


   Skills:
 - Level 1.5 Dodging
 - Level 2.1 Stealth
 - Level 3.0 Spellcasting
 + Level 2.6 Conjurations
 + Level 1.3 Summonings
   Level 0.8 Translocations


You had 4 spell levels left.
You knew the following spells:

 Your Spells              Type           Power        Failure   Level  Hunger
a - Magic Dart            Conj           ##..         5%          1    None
i - Call Imp              Summ           #.......     14%         2    ##.....


Dungeon Overview and Level Annotations

Branches:
Dungeon (3/15)

Altars:


Innate Abilities, Weirdness & Mutations

You are resistant to torment.
Your stone body is resilient. (AC +2)
You are immune to poison.
You resist negative energy. (rN+)
You are resistant to electric shocks. (rElec)
You can survive without breathing.
You are immune to petrification.
You are immune to rotting.


Message History

The adder barely misses you. The adder bites you but does no damage.
Unknown command.
You barely miss the adder. The adder barely misses you.
Unknown command.
You miss the adder. The adder bites you.
* * * LOW HITPOINT WARNING * * *
Unknown command.
The adder barely misses you. The adder barely misses you.
The adder bites you but does no damage. The adder completely misses you.
The adder bites you.
* * * LOW HITPOINT WARNING * * *
Casting: Magic Dart
Confirm with . or Enter, or press ? or * to list all spells.
You miscast Call Imp.
Nothing appears to happen.
The hobgoblin shouts!
The adder bites you but does no damage.
It was a potion of haste.
You feel yourself speed up. The adder bites you.
You die...

#######.## #.# #.# #.#
#.# # #.# #.. #.#
..g..###############.#
.......@S............#
...b.#################
#.. #


You could see an adder, a hobgoblin and a bat.

Vanquished Creatures
  A leopard gecko (D:1)
  A hobgoblin (D:2)
  3 jackals (D:2)
  3 kobolds
  3 bats
  7 frilled lizards
  2 rats
20 creatures vanquished.

Vanquished Creatures (collateral kills)
  A goblin (D:2)
1 creature vanquished.

Grand Total: 21 creatures vanquished

Notes
Turn   | Place    | Note
-------+----------+-------------------------------------------
     0 | D:1      | letownia2 the Gargoyle Wizard began the quest for the Orb.
     0 | D:1      | Reached XP level 1. HP: 10/10 MP: 4/4
    62 | D:1      | Reached XP level 2. HP: 7/15 MP: 0/6
    71 | D:1      | Learned a level 2 spell: Call Imp
   173 | D:2      | Reached skill level 1 in Summonings
   412 | D:2      | Slain by an adder

Skill      XL: |  1  2 |
---------------+-------+-----
Conjurations   | 2 |  2.6
Summonings     | 1 |  1.3
Dodging        | |  1.5
Stealth        | |  2.1
Spellcasting   | |  3.0
Translocations | |  0.8

Action                   || total
-------------------------++-------
Melee: Unarmed           ||    61
Throw: Stone             ||     5
 Cast: Magic Dart        ||    29
       Call Imp          ||     1
  Use: Potion            ||     1
Armor: Robe              ||    29
Dodge: Dodged            ||    65
